 Dungeon Crawl Stone Soup version 0.31-a0-267-g3fc6992b3b (webtiles) character file.

Game seed: 8535803510165852199

50 qw the Shooter (level 3, -5/21 HPs)
             Began as a Gargoyle Hexslinger on July 13, 2023.
             Slain by a gnoll
             ... wielding a +1 flail of draining
              (6 damage)
             ... on level 2 of the Dungeon.
             The game lasted 00:00:21 (581 turns).

qw the Shooter (Gargoyle Hexslinger)                 Turns: 581, Time: 00:00:21

Health: -5/21      AC:  9    Str: 11    XL:     3   Next: 79%
Magic:  4/4        EV: 10    Int: 13    God:
Gold:   52         SH:  0    Dex: 14    Spells: 3/4 levels left

rFire   . . .        Y - +1 sling
rCold   . . .        (no shield)
rNeg    + . .        i - +0 ring mail
rPois   inf          (no helmet)
rElec   +            m - +0 cloak {Stlth+}
rCorr   .            (no gloves)
SInv    .            (no boots)
Will    .....        (no amulet)
Stlth   ++           (no ring)
HPRegen 0.23/turn    (no ring)
MPRegen 0.09/turn

%: no passive effects
@: no status effects
A: sickness immunity, AC +3, negative energy resistance 1, electricity
resistance, torment resistance 1, petrification resistance
a: no special abilities


You were on level 2 of the Dungeon.
You visited 1 branch of the dungeon, and saw 2 of its levels.

You collected 52 gold pieces.


Innate Abilities, Weirdness & Mutations

You are immune to sickness and miasma.
Your stone body is resilient. (AC +3)
You are immune to poison.
You resist negative energy. (rN+)
You are resistant to electric shocks. (rElec)
You are resistant to unholy torment.
You are immune to petrification.


   Skills:
 - Level 2.0 Fighting
 + Level 3.4 Ranged Weapons
 - Level 1.0 Armour
 - Level 1.5 Dodging
 - Level 1.0 Spellcasting
 - Level 2.6 Hexes


You had 3 spell levels left.
You knew the following spells:

 Your Spells              Type           Power      Damage    Failure   Level
a - Slow                  Hex            28%        N/A       22%         1

Your spell library contained the following spells:

 Spells                   Type           Power      Damage    Failure   Level
 Inner Flame              Hex/Fire       4%         N/A       75%         3
 Portal Projectile        Hex/Tloc       8%         N/A       75%         3
 Cause Fear               Hex            3%         N/A       91%         4

Inventory:

Hand Weapons
 Y - a +1 sling (weapon)
Armour
 i - a +0 ring mail (worn)
 m - a +0 cloak of stealth (worn)
Potions
 e - a potion of lignification {unknown}
 f - a potion of haste {unknown}
 h - a potion of curing {unknown}
 j - a potion of enlightenment {unknown}
 k - a potion of mutation {unknown}

Dungeon Overview and Level Annotations

Branches:
Dungeon (2/15)

Altars:

Annotations:
D:2 exclusion: gnoll


Message History

A gnoll comes into view. It is wielding a +0 halberd.
The gnoll misses you.
You shoot a sling bullet.
The sling bullet barely misses the gnoll.
The gnoll hits you from afar with a +0 spear. x2
You shoot a sling bullet. The sling bullet hits the gnoll.
You kill the gnoll!
You hear a shout!
The gnoll closely misses you.
You hear a shout!
You shoot a sling bullet. The sling bullet hits the gnoll.
The gnoll is moderately wounded.
The gnoll hits you from afar with a +0 halberd!
Ouch! That really hurt!
The gnoll shouts!
The gnoll closely misses you.
A gnoll comes into view. It is wielding a +1 flail of draining.
576 ||| Stepping ~*~*~tactically~*~*~ (outnumbered).
Found a pink potion.
You shoot a sling bullet.
The sling bullet barely misses the gnoll.
The gnoll hits you but does no damage.
You shoot a sling bullet. The sling bullet hits the gnoll.
The gnoll is almost dead.
The gnoll hits you but does no damage. x2
You shoot a sling bullet.
The sling bullet barely misses the gnoll.
The gnoll misses you. The gnoll barely misses you.
You shoot a sling bullet. The sling bullet hits the gnoll.
The gnoll is lightly wounded.
The gnoll hits you but does no damage.
The gnoll hits you from afar with a +0 halberd.
The gnoll closely misses you.
The gnoll hits you but does no damage. x2
The gnoll barely misses you.
You shoot a sling bullet. The sling bullet hits the gnoll.
The gnoll is heavily wounded.
The gnoll closely misses you.
The gnoll hits you from afar with a +0 halberd.
The gnoll hits you with a +1 flail of draining.
You die...

#. ####......# #.# ..
###....####.####..
#.####...#### ##.......
##.#.g....### #....##.#
#.......### ####.##....#
#..#..#..######....####..#
........g.g....)..### ##..
##.####g##g..####...####.#
# #..@.#.........%..).
#....#########.#####.#
#...##. #.# #.# ...# #.#
#.# #.# . #. #.# #.# #.
..# #.# !# .## #.# . # #.#


You could see 3 gnolls.

Vanquished Creatures
  A gnoll (D:2)
  An adder (D:2)
  3 dart slugs (D:1)
  2 ball pythons (D:1)
  2 endoplasms (D:1)
  3 goblins (D:1)
  2 hobgoblins (D:1)
  A quokka (D:1)
  2 bats (D:1)
  A frilled lizard (D:1)
  4 kobolds (D:1)
  4 rats
26 creatures vanquished.

Notes
Turn   | Place    | Note
-------+----------+-------------------------------------------
     0 | D:1      | qw the Gargoyle Hexslinger began the quest for the Orb.
     0 | D:1      | Reached XP level 1. HP: 12/12 MP: 2/2
     0 | D:1      | 0 ||| qw: Version: 0.3-a-52-g30416fa
     0 | D:1      | 0 ||| qw: Game counter: 7746
     0 | D:1      | 0 ||| qw: Melee chars always use a shield: true
     0 | D:1      | 0 ||| qw: God list: Okawaru
     0 | D:1      | 0 ||| qw: Allow faded altars: false
     0 | D:1      | 0 ||| qw: Do Orc after clearing Dungeon:15 true
     0 | D:1      | 0 ||| qw: Do second Lair branch before Depths: true
     0 | D:1      | 0 ||| qw: Lair rune preference: random
     0 | D:1      | 0 ||| qw: Goals: Normal
     0 | D:1      | 0 ||| PLANNING D:1-11
    39 | D:1      | Reached XP level 2. HP: 16/16 MP: 3/3
    90 | D:1      | Reached skill level 3 in Ranged Weapons
   179 | D:1      | Reached XP level 3. HP: 21/21 MP: 4/4
   449 | D:1      | 449 ||| UPGRADING to +0 leather armour.
   459 | D:1      | 459 ||| DROPPING +0 robe.
   460 | D:1      | 460 ||| UPGRADING to +0 ring mail.
   470 | D:1      | 470 ||| DROPPING +0 leather armour.
   471 | D:1      | 471 ||| UPGRADING to +0 cloak of stealth.
   476 | D:1      | 476 ||| READING scroll labelled BYZEICK RATIA.
   477 | D:1      | 477 ||| READING scroll labelled FUMMOI CIPLUGUBOQ.
   478 | D:1      | 478 ||| DROPPING scroll of poison.
   522 | D:2      | Reached skill level 1 in Armour
   566 | D:2      | 566 ||| Stepping ~*~*~tactically~*~*~ (outnumbered).
   576 | D:2      | 576 ||| Stepping ~*~*~tactically~*~*~ (outnumbered).
   581 | D:2      | HP: 1/21 [gnoll/+0 halberd (5)]
   581 | D:2      | Slain by a gnoll

Levels and vault maps discovered:
D:1:      erik_arrival_triangle_large, layout_rooms, minmay_tromino_v4_a
D:2:      layout_rooms

Skill      XL: |  1  2  3 |
---------------+----------+-----
Ranged Weapons | 3 |  3.4
Fighting       | 2 |  2.0
Armour         | 1 |  1.0
Dodging        | |  1.5
Spellcasting   | |  1.0
Hexes          | |  2.6

Action                     || total
---------------------------++-------
   Fire: Sling             ||    81
    Use: Scroll            ||     2
 Armour: Robe              ||     4
         Ring mail         ||     6
  Dodge: Dodged            ||    20

Table legend:
 A = Non-vault XP
 B = Vault XP
 C = Vault XP percentage of total XP
 D = Non-vault monster count
 E = Vault monster count
 F = Vault count percentage of total count
                 A         B        C        D         E       F
            +---------+---------+-------+---------+---------+-------
      Total |      64 |       8 |  11.1 |      23 |       3 |  11.5
            +---------+---------+-------+---------+---------+-------
        D:1 |      36 |       8 |  18.2 |      20 |       3 |  13.0
        D:2 |      28 |       0 |   0.0 |       3 |       0 |   0.0
            +---------+---------+-------+---------+---------+-------
